 Dungeon Crawl Stone Soup version 0.31-a0-840-g6d2ecbb638 (webtiles) character file.

Game seed: 13788866253923609539

218 BinkBink the Shooter (level 5, -4/27 HPs)
             Began as a Spriggan Hunter on Sept 27, 2023.
             Slain by a goblin
             ... wielding a +2 dagger of venom
             ... led by Robin
              (7 damage)
             ... on level 2 of the Dungeon.
             The game lasted 00:04:20 (863 turns).

BinkBink the Shooter (Spriggan Hunter)               Turns: 863, Time: 00:04:20

Health: -4/27      AC:  2    Str:  7    XL:     5   Next: 63%
Magic:  6/6        EV: 20    Int: 10    God:
Gold:   101        SH:  0    Dex: 21    Spells: 4/4 levels left

rFire   . . .        a - +1 shortbow
rCold   . . .        (shield currently unavailable)
rNeg    . . .        c - +0 robe
rPois   .            (helmet restricted)
rElec   .            (no cloak)
rCorr   .            (gloves unavailable)
SInv    +            (boots unavailable)
Will    .....        (no amulet)
Stlth   +++          (no ring)
HPRegen 0.24/turn    (no ring)
MPRegen 0.10/turn

%: no passive effects
@: mighty, brilliant, lethally poisoned (-4 -> -8), hasted, very quick
A: very small, no large weapons, unfitting armour, see invisible, speed 3
a: no special abilities


You were on level 2 of the Dungeon.
You visited 1 branch of the dungeon, and saw 2 of its levels.

You collected 101 gold pieces.

Inventory:

Hand Weapons
 a - a +1 shortbow (weapon)
 l - a +0 sling
Missiles
 h - 8 stones
Armour
 c - a +0 robe (worn)
Scrolls
 e - a scroll of immolation {unknown}
 i - a scroll of poison {unknown}
 j - a scroll of brand weapon {unknown}
 m - a scroll of enchant armour {unknown}


   Skills:
 + Level 2.7 Fighting
 + Level 4.9 Ranged Weapons
 + Level 4.5 Dodging
 + Level 4.5 Stealth
 + Level 0.0 Spellcasting


You had 4 spell levels left.
You didn't know any spells.
Your spell library contained the following spells:

 Spells                   Type           Power      Damage    Failure   Level
 Call Canine Familiar     Summ           0%         N/A       75%         3
 Sigil of Binding         Hex            0%         N/A       75%         3
 Dimensional Bullseye     Hex/Tloc       0%         N/A       98%         4
 Leda's Liquefaction      Hex/Erth       0%         N/A       98%         4


Dungeon Overview and Level Annotations

Branches:
Dungeon (2/15)

Altars:

Annotations:
D:2 Robin


Innate Abilities, Weirdness & Mutations

You are very small and have problems with some larger weapons.
You are too small for most types of armour.
You have supernaturally acute eyesight. (SInv)
You cover ground extremely quickly. (Speed+++)


Message History

Press: ? - help, Q - select action, (/) - cycle Shift-Dir - straight line, f - goblin, p - Robin
Aim: a goblin, wielding a +2 dagger of venom (strong, 59% to hit)
You shoot an arrow. The arrow hits the goblin.
The goblin is moderately wounded.
You feel sick. The goblin completely misses you. The goblin misses you. x2
The goblin completely misses you.
Fire: a) +0 shortbow
Press: ? - help, Q - select action, (/) - cycle Shift-Dir - straight line, f/p - goblin
Aim: a goblin, wielding a +2 dagger of venom (moderately wounded, strong, 59% to hit)
You shoot an arrow. The arrow barely misses the goblin.
You feel sick. The goblin closely misses you. The goblin misses you.
The goblin hits you with a +2 dagger of venom.
You are more poisoned.
The goblin hits you with a +0 club.
It was a potion of haste.
You feel yourself speed up.
* * * LOW HITPOINT WARNING * * *
You feel sick. The goblin completely misses you. The goblin misses you.
The goblin barely misses you.
It was a potion of brilliance.
You feel clever all of a sudden.
* * * LOW HITPOINT WARNING * * *
You feel sick. The goblin completely misses you.
It was a potion of might.
You feel very mighty all of a sudden.
* * * LOW HITPOINT WARNING * * *
You feel sick. The goblin closely misses you. The goblin misses you.
As you read the scroll of butterflies, it crumbles to dust.
You hear the flapping of tiny wings.
Robin is knocked back by the sudden gust.
The goblin is knocked back by the sudden gust. x3
* * * LOW HITPOINT WARNING * * *
You feel sick.
The goblin hits your butterfly with a +0 dagger.
Your butterfly dies!
Your butterfly disappears in a burst of colours!
As you read the scroll labelled EMASKITIOQE, it crumbles to dust.
It is a scroll of enchant weapon.
Your +0 shortbow glows red for a moment.
The goblin hits you with a +2 dagger of venom!
You die...

...........####.# #..
#.#.##.)#)#####.## ###
##.#.##.)#.....†b.#
#.............##b.#
#..#.##..#.#####.b#####
#........#...^..bb....#
.........#######b####.#
#.##############g# #


#gg.bb@g# #.####### You could see Robin and 3 goblins.

Vanquished Creatures
  Sigmund (D:2)
  A worm (D:2)
  2 dart slugs
  3 ball pythons
  5 bats
  3 endoplasms
  A giant cockroach (D:2)
  7 goblins (D:2)
  3 hobgoblins
  4 jackals (D:1)
  A quokka (D:1)
  4 kobolds
  4 rats
39 creatures vanquished.

Notes
Turn   | Place    | Note
-------+----------+-------------------------------------------
     0 | D:1      | BinkBink the Spriggan Hunter began the quest for the Orb.
     0 | D:1      | Reached XP level 1. HP: 10/10 MP: 2/2
   110 | D:1      | Reached XP level 2. HP: 15/15 MP: 3/3
   539 | D:2      | Noticed Sigmund
   546 | D:2      | Killed Sigmund
   547 | D:2      | Reached XP level 3. HP: 8/19 MP: 4/4
   547 | D:2      | Reached XP level 4. HP: 9/23 MP: 5/5
   547 | D:2      | Reached XP level 5. HP: 11/27 MP: 6/6
   629 | D:2      | Noticed Robin
   863 | D:2      | Slain by a goblin

Illustrated notes

Levels and vault maps discovered:
D:1:      saegor_arrival_under_anarchy, layout_rooms, minmay_curled_crystal,
          skrybe_limestone_x
D:2:      layout_loops_cross, basic_altar, chequers_serial_rivers_large_b,
          chequers_arboretum, uniq_robin, uniq_sigmund

Skill      XL: |  1  2 |
---------------+-------+-----
Stealth        | 2 4 |  4.5
Dodging        | 3 4 |  4.5
Fighting       | 2 |  2.7
Ranged Weapons | |  4.9

Action                     |  1- 3 |  4- 6 || total
---------------------------+-------+-------++-------
   Fire: Shortbow          |    53 |    51 ||   104
    Use: Potion            |       |     3 ||     3
         Scroll            |       |     2 ||     2
 Armour: Robe              |     4 |     9 ||    13
  Dodge: Dodged            |    19 |    21 ||    40

Table legend: (Time is in decaauts)
 A = Elapsed time spent in this place.
 B = Non-inter-level travel time spent in this place.
 C = Inter-level travel time spent in this place.
 D = Time resting spent in this place.
 E = Time spent auto-exploring this place.
 F = Levels seen in this place.
 G = Mean time per level.
                   A        B        C        D        E       F      G
               +--------+--------+--------+--------+--------+-----+--------+
         Total |    613 |    596 |     17 |      0 |    413 |   2 |  306.5 |
       Dungeon |    613 |    596 |     17 |      0 |    413 |   2 |  306.5 |
               +--------+--------+--------+--------+--------+-----+--------+

Top non-repeatable levels by time:
     D:1: 342 daAuts
     D:2: 271 daAuts
